[Event "Titled Tuesday Blitz May 16 Early 2023"]
[White "Moussard, Jules"]
[Black "Guerra Tulcan, Lenin"]
[WhiteFideId "642908"]
[BlackFideId "3601382"]
[WhiteElo "2610"]
[BlackElo "2368"]
[Result "1-0"]
[Round "03"]
[TimeControl "180+2"]
[Date "2023.05.16"]
[WhiteClock "0:00:42"]
[BlackClock "0:00:18"]

1. b3 e5 2. Bb2 d6 3. e3 Nf6 4. c4 Be7 5. Nc3 O-O 6. Nf3 c6 7. d4 exd4 8. Nxd4 Re8 9. Be2 Nbd7 10. O-O Nf8 11. Qc2 Ng6 12. Rad1 Qc7 13. Nf5 Bxf5 14. Qxf5 Rad8 15. g3 Qc8 16. Qxc8 Rxc8 17. h4 h6 18. h5 Nf8 19. Kg2 Red8 20. f4 d5 21. cxd5 Nxd5 22. Nxd5 cxd5 23. Bf3 Rc2+ 24. Rf2 Rdc8 25. Rdd2 Rxd2 26. Rxd2 Bb4 27. Re2 Rc5 28. a3 Bc3 29. Rc2 d4 30. exd4 Bxd4 31. Rxc5 Bxc5 32. b4 Bb6 33. Bxb7 Ne6 34. a4 Kf8 35. Bd5 Nc7 36. Bc4 a5 37. bxa5 Bxa5 38. Kf3 Bb4 39. Ke4 f6 40. Kf5 Ke7 41. Kg6 Kf8 42. a5 Bxa5 43. Ba3+ Ke8 44. Kxg7 Be1 45. g4 Bg3 46. Bc1 Ke7 47. Kxh6 Ne8 48. Kg6 Nd6 1-0


[Site "https://www.chess.com"]

[Event "Titled Tuesday Blitz May 16 Early 2023"]
[White "Principe, Gerson"]
[Black "Grischuk, Alexander"]
[WhiteFideId "3804550"]
[BlackFideId "4126025"]
[WhiteElo "2229"]
[BlackElo "2721"]
[Result "0-1"]
[Round "03"]
[TimeControl "180+2"]
[Date "2023.05.16"]
[WhiteClock "0:00:00"]
[BlackClock "0:01:13"]

1. d4 g6 2. Nf3 Bg7 3. e3 Nf6 4. Be2 O-O 5. O-O c5 6. c3 b6 7. a4 Bb7 8. a5 d6 9. a6 Bc6 10. b4 Nbd7 11. Ba3 Rc8 12. Nbd2 Qc7 13. Qb3 e6 14. Rfc1 Rfd8 15. Bb2 h6 16. c4 Ne4 17. Nxe4 Bxe4 18. Rd1 Nb8 19. dxc5 dxc5 20. Bxg7 Kxg7 21. b5 Bxf3 22. Bxf3 Rxd1+ 23. Rxd1 Rd8 24. Qc3+ f6 25. g3 Rxd1+ 26. Bxd1 Qd6 27. Bf3 Nd7 28. Be2 Kf7 29. f4 Ke7 30. Kf2 e5 31. Qd3 f5 32. Qc3 Nf6 33. Bf3 Ke6 34. h3 g5 35. Bc6 exf4 36. exf4 gxf4 0-1


[Site "https://www.chess.com"]

[Event "Titled Tuesday Blitz May 16 Early 2023"]
[White "Sarana, Alexey"]
[Black "Omelja, Artem"]
[WhiteFideId "24133795"]
[BlackFideId "14119846"]
[WhiteElo "2714"]
[BlackElo "2404"]
[Result "0-1"]
[Round "03"]
[TimeControl "180+2"]
[Date "2023.05.16"]
[WhiteClock "0:00:01"]
[BlackClock "0:00:08"]

1. c4 Nf6 2. Nc3 e6 3. d4 d5 4. cxd5 exd5 5. Bg5 c6 6. e3 Be7 7. Bd3 O-O 8. Nf3 Re8 9. Qc2 h6 10. Bf4 Nbd7 11. O-O Nf8 12. h3 Be6 13. Rab1 Rc8 14. b4 a6 15. Na4 Bd6 16. Bxd6 Qxd6 17. Ne5 N6d7 18. f4 f6 19. Nf3 Bf7 20. Rfe1 Re7 21. Nh4 Be6 22. Nc5 Nxc5 23. bxc5 Qd7 24. Rb3 Rc7 25. Reb1 Kh8 26. Qf2 Qc8 27. Qg3 Qe8 28. R1b2 Bg8 29. Nf5 Red7 30. Nd6 Qa8 31. Rb6 Ne6 32. Bxa6 bxa6 33. Rb8 Qa7 34. Qg6 Rd8 35. R8b7 Qa8 36. R2b6 Rxb7 37. Rxb7 Rxd6 38. Re7 Rd8 39. f5 Bh7 40. Qg4 Ng5 41. h4 Re8 42. Rd7 Qc8 43. Rd6 Bxf5 44. Qf4 Re4 45. Qf2 Nf7 46. Qg3 Nxd6 47. cxd6 Qd7 48. h5 Re6 49. Qf2 Be4 50. Qb2 Qxd6 51. Qb7 Re8 52. Qf7 Qe6 0-1


[Site "https://www.chess.com"]

[Event "Titled Tuesday Blitz May 16 Early 2023"]
[White "Madaminov, Mukhiddin"]
[Black "Reprintsev, Alexander"]
[WhiteFideId "14210703"]
[BlackFideId "14100541"]
[WhiteElo "2511"]
[BlackElo "2218"]
[Result "1-0"]
[Round "03"]
[TimeControl "180+2"]
[Date "2023.05.16"]
[WhiteClock "0:01:02"]
[BlackClock "0:00:04"]

1. Nf3 d5 2. e3 Nc6 3. c4 dxc4 4. Bxc4 e5 5. Nc3 Bd6 6. O-O Nf6 7. d3 O-O 8. a3 a6 9. Qc2 b5 10. Ba2 Bb7 11. Rd1 Ne7 12. Ne4 Ng6 13. b4 Re8 14. Bb2 Bf8 15. Nfg5 Nh8 16. Rac1 Rc8 17. h3 h6 18. Nxf6+ Qxf6 19. Ne4 Qd8 20. Nc5 Bxc5 21. Qxc5 Ng6 22. d4 Qg5 23. Bd5 Bxd5 24. Qxd5 exd4 25. Qxg5 hxg5 26. Bxd4 Re6 27. Rc5 f6 28. Rdc1 c6 29. a4 Ne7 30. axb5 axb5 31. Ra1 Rc7 32. Ra6 Rd7 33. Rxb5 cxb5 34. Rxe6 Kf7 35. Rb6 Rd5 36. Rb7 Ke6 37. Bc5 Nf5 38. e4 Rd1+ 39. Kh2 Nd6 40. Bxd6 Kxd6 41. Rxb5 g6 42. Kg3 Ke6 43. f3 Rb1 44. h4 gxh4+ 45. Kxh4 Rb2 46. g3 Rb3 47. Kg4 Rb1 48. f4 Rb3 49. Rb6+ Ke7 50. f5 gxf5+ 51. exf5 Rc3 52. b5 Rb3 53. Re6+ Kf7 54. b6 Rb4+ 55. Kf3 Rb3+ 56. Kf4 Rb4+ 57. Ke3 Rb3+ 58. Kd4 Rxg3 59. Re3 Rg8 60. b7 Rb8 61. Rb3 Ke7 62. Kc5 Kd7 63. Kb6 1-0


[Site "https://www.chess.com"]

[Event "Titled Tuesday Blitz May 16 Early 2023"]
[White "Svane, Frederik"]
[Black "Dixit, Nikhil"]
[WhiteFideId "12923044"]
[BlackFideId "5059534"]
[WhiteElo "2502"]
[BlackElo "2207"]
[Result "0-1"]
[Round "03"]
[TimeControl "180+2"]
[Date "2023.05.16"]
[WhiteClock "0:00:07"]
[BlackClock "0:00:20"]

1. g3 Nf6 2. Bg2 g6 3. e4 d6 4. Nc3 Bg7 5. d4 O-O 6. Nge2 e5 7. O-O exd4 8. Nxd4 Bd7 9. h3 Nc6 10. Nde2 Re8 11. Be3 Ne5 12. b3 b5 13. a3 a5 14. f4 Nc6 15. Qd3 b4 16. axb4 Nxb4 17. Qd2 Bc6 18. Bd4 Nxe4 19. Bxe4 Bxe4 20. Bxg7 Kxg7 21. Nxe4 Rxe4 22. Nc3 Re6 23. f5 gxf5 24. Rxf5 Qe7 25. Raf1 Re8 26. Rxa5 Rg6 27. Kg2 c5 28. Rf3 Nc6 29. Ra4 Nd4 30. Rxd4 cxd4 31. Qxd4+ Qe5 32. Qf2 Rf6 33. b4 Rxf3 34. Qxf3 Qf6 35. Qd3 Qg6 36. Qd2 Rc8 37. b5 Qf5 38. b6 Qc5 39. b7 Qc6+ 40. Qd5 Qxd5+ 41. Nxd5 Rxc2+ 42. Kf3 Rb2 43. Ne7 Rxb7 44. Nf5+ Kg6 45. Nxd6 Rb3+ 46. Kf4 Rb2 47. Ne4 Rb1 48. h4 Rf1+ 49. Kg4 f5+ 50. Kh3 fxe4 51. Kg2 Rf3 52. Kh3 Kf5 53. h5 Kg5 54. Kg2 Kg4 55. Kh2 h6 56. Kh1 e3 57. Kh2 Rf2+ 58. Kg1 Kxg3 59. Kh1 e2 60. Kg1 e1=Q# 0-1


[Site "https://www.chess.com"]

[Event "Titled Tuesday Blitz May 16 Early 2023"]
[White "Paravyan, David"]
[Black "Horak, Martin"]
[WhiteFideId "4194985"]
[BlackFideId "367095"]
[WhiteElo "2563"]
[BlackElo "2091"]
[Result "1-0"]
[Round "03"]
[TimeControl "180+2"]
[Date "2023.05.16"]
[WhiteClock "0:02:24"]
[BlackClock "0:00:38"]

1. e4 c5 2. Nf3 Nc6 3. Bb5 e5 4. O-O Bd6 5. d3 Nge7 6. c3 a6 7. Ba4 b5 8. Bc2 O-O 9. Be3 Ng6 10. Nbd2 Be7 11. d4 cxd4 12. cxd4 exd4 13. Nxd4 Bf6 14. N2b3 Nxd4 15. Bxd4 d5 16. exd5 Bb7 17. Bxf6 Qxf6 18. Nc5 Rab8 19. Nd7 1-0


[Site "https://www.chess.com"]

[Event "Titled Tuesday Blitz May 16 Early 2023"]
[White "Tang, Andrew"]
[Black "Hossain, Enamul"]
[WhiteFideId "2059630"]
[BlackFideId "10200649"]
[WhiteElo "2596"]
[BlackElo "2433"]
[Result "1-0"]
[Round "03"]
[TimeControl "180+2"]
[Date "2023.05.16"]
[WhiteClock "0:00:45"]
[BlackClock "0:00:10"]

1. d4 Nf6 2. c4 g6 3. f3 Bg7 4. e4 d6 5. Nc3 O-O 6. Nge2 a6 7. Be3 b5 8. Ng3 c6 9. Qd2 e5 10. d5 b4 11. Nd1 cxd5 12. cxd5 a5 13. Nf2 h5 14. Bd3 Ba6 15. Rc1 Bxd3 16. Nxd3 Qd7 17. Bh6 h4 18. Bxg7 Kxg7 19. Nf5+ gxf5 20. Qg5+ Kh7 21. Qxf6 fxe4 22. Qxh4+ Kg6 23. fxe4 f5 24. Qg3+ Kh7 25. O-O f4 26. Qh4+ Kg8 27. g3 Qa7+ 28. Kh1 Qe3 29. Qg4+ Kh8 30. gxf4 Qxe4+ 31. Rf3 Ra7 32. Rg1 Rh7 33. Rg2 Qxd5 34. Rfg3 e4 35. Qg6 exd3 36. Qxh7+ 1-0


[Site "https://www.chess.com"]

[Event "Titled Tuesday Blitz May 16 Early 2023"]
[White "Quesada Perez, Yuniesky"]
[Black "Kuznetsov, Mikhail"]
[WhiteFideId "3504409"]
[BlackFideId "4117190"]
[WhiteElo "2585"]
[BlackElo "1981"]
[Result "1-0"]
[Round "03"]
[TimeControl "180+2"]
[Date "2023.05.16"]
[WhiteClock "0:01:24"]
[BlackClock "0:00:00"]

1. e4 c6 2. d4 d5 3. e5 Bf5 4. Nd2 e6 5. Nb3 Nd7 6. Nf3 a6 7. Be2 c5 8. dxc5 Nxc5 9. Nfd4 Bg6 10. O-O Nxb3 11. axb3 Ne7 12. Be3 Nf5 13. Nxf5 Bxf5 14. c3 Be7 15. b4 O-O 16. Qd2 Qc7 17. Bd4 Qc6 18. Qe3 Rae8 19. Ra5 Bd8 20. b5 Qc7 21. Raa1 f6 22. bxa6 bxa6 23. Rxa6 Qb8 24. b4 fxe5 25. Bxe5 Qb7 26. Ra7 Qc8 27. Rxg7+ Kh8 28. Qh6 1-0


[Site "https://www.chess.com"]

[Event "Titled Tuesday Blitz May 16 Early 2023"]
[White "Petrosyan, Manuel"]
[Black "Belov, Alexei"]
[WhiteFideId "13300857"]
[BlackFideId "4128206"]
[WhiteElo "2576"]
[BlackElo "2530"]
[Result "0-1"]
[Round "03"]
[TimeControl "180+2"]
[Date "2023.05.16"]
[WhiteClock "0:00:00"]
[BlackClock "0:00:10"]

1. e4 e6 2. d4 d5 3. Nc3 Nf6 4. e5 Ne4 5. Nxe4 dxe4 6. Ne2 c5 7. Be3 Nc6 8. dxc5 Qc7 9. Nc3 Qxe5 10. Bb5 Bxc5 11. Bxc6+ bxc6 12. Bxc5 Qxc5 13. O-O Qb4 14. Rb1 O-O 15. a3 Qc4 16. Re1 f5 17. Qd6 Ba6 18. Rbd1 Rab8 19. Rd4 Rfd8 20. Qxd8+ Rxd8 21. Rxd8+ Kf7 22. Rd7+ Kf6 23. Rxa7 Bc8 24. Rc7 Ba6 25. h3 Bb5 26. Rd1 Qc5 27. Nxb5 Qxb5 28. Rdd7 Qxb2 29. Rxg7 Qc1+ 30. Kh2 Qxc2 31. Rgf7+ Ke5 32. Kg3 Qd2 33. Kh2 Qxf2 34. Rxc6 e3 35. Rc5+ Kd4 36. Rfc7 e2 37. Rc4+ Ke5 38. R4c5+ Kf6 39. Rc1 e1=Q 40. Rxe1 Qxe1 41. Rc4 Qe5+ 42. Kh1 Qa1+ 43. Kh2 Qxa3 44. Rh4 Kg6 45. Rc4 Qd6+ 46. Kh1 Qd1+ 47. Kh2 Qe1 48. Rc5 Qe3 49. Rc6 Kg5 50. Rc8 e5 51. Rg8+ Kf4 52. Rg7 h6 53. Rg6 Ke4 54. Rg8 f4 55. Ra8 Qf2 56. Ra4+ Kf5 57. Ra3 e4 58. Ra5+ Ke6 59. Ra6+ Kd5 60. Ra5+ Kc6 61. Ra4 f3 0-1


[Site "https://www.chess.com"]

[Event "Titled Tuesday Blitz May 16 Early 2023"]
[White "Staudenhocker43"]
[Black "Bortnyk, Mykola"]
[BlackFideId "14120836"]
[WhiteElo "2530"]
[BlackElo "2582"]
[Result "0-1"]
[Round "03"]
[TimeControl "180+2"]
[Date "2023.05.16"]
[WhiteClock "0:02:17"]
[BlackClock "0:02:13"]

1. c4 c5 2. Nf3 Nc6 3. d4 cxd4 4. Nxd4 g6 5. e4 Bg7 6. Be3 Nf6 7. Nc3 Ng4 8. Qxg4 Nxd4 9. Qd1 Nc6 10. Rc1 d6 11. Be2 O-O 12. O-O f5 13. exf5 gxf5 14. Qd2 Be6 15. Nd5 Ne5 16. h3 b6 17. Bh6 Bxh6 18. Qxh6 Bxd5 19. cxd5 Rf6 20. Qg5+ Kh8 21. f4 Nf7 22. Bh5 Nxg5 0-1


[Site "https://www.chess.com"]

[Event "Titled Tuesday Blitz May 16 Early 2023"]
[White "Bagwe Gaurang"]
[Black "Mekhitarian, Krikor Sevag"]
[WhiteFideId "45039895"]
[BlackFideId "2107660"]
[WhiteElo "1847"]
[BlackElo "2604"]
[Result "0-1"]
[Round "03"]
[TimeControl "180+2"]
[Date "2023.05.16"]
[WhiteClock "0:00:02"]
[BlackClock "0:00:09"]

1. e4 e6 2. d4 d5 3. Nd2 c5 4. Ngf3 cxd4 5. Nxd4 Nf6 6. exd5 Nxd5 7. N2f3 Be7 8. Bd3 Nb4 9. Bb5+ Bd7 10. Qe2 O-O 11. O-O a6 12. Bc4 N8c6 13. Rd1 Qc7 14. Be3 Nxd4 15. Bxd4 Rac8 16. Ne5 Be8 17. c3 Nd5 18. Bd3 Nf6 19. Bc2 Bc5 20. Bxc5 Qxc5 21. Rd4 Bb5 22. Qe3 Qc7 23. a4 Bc6 24. Rad1 Rcd8 25. Nxc6 bxc6 26. Rxd8 Rxd8 27. Rxd8+ Qxd8 28. Qd3 Qb6 29. b4 a5 30. b5 cxb5 31. Qxb5 Qc7 32. c4 g6 33. h3 Nd7 34. Be4 Nc5 35. Bf3 Kg7 36. Qc6 Qxc6 37. Bxc6 Kf6 38. Kf1 Ke5 39. Ke2 Kd4 40. Bb5 f5 41. g4 f4 42. g5 Ne4 43. h4 e5 44. Kf3 Nd2+ 45. Kg4 Nxc4 46. Bxc4 Kxc4 47. h5 Kd4 48. f3 Kd3 49. h6 Ke3 50. Kh3 Kxf3 51. Kh4 e4 52. Kh3 e3 53. Kh2 e2 54. Kg1 e1=Q+ 55. Kh2 Qg3+ 0-1


[Site "https://www.chess.com"]

[Event "Titled Tuesday Blitz May 16 Early 2023"]
[White "Chigaev, Maksim"]
[Black "Krsnik Cohar, Ivan Vihor"]
[WhiteFideId "4108116"]
[BlackFideId "14520044"]
[WhiteElo "2558"]
[BlackElo "2414"]
[Result "1-0"]
[Round "03"]
[TimeControl "180+2"]
[Date "2023.05.16"]
[WhiteClock "0:00:30"]
[BlackClock "0:00:00"]

1. Nf3 Nf6 2. g3 e6 3. Bg2 d5 4. O-O Be7 5. d3 O-O 6. Bf4 c5 7. e4 dxe4 8. dxe4 Qxd1 9. Rxd1 Nxe4 10. Na3 Nc6 11. Ne5 Nxe5 12. Bxe5 Bf6 13. f4 Bxe5 14. fxe5 f5 15. exf6 Nxf6 16. Nb5 a6 17. Nd6 Ra7 18. Nxc8 Rxc8 19. Rd6 e5 20. Re1 Re8 21. Rb6 e4 22. a4 Re7 23. c3 Ra8 24. h3 Rd8 25. g4 h6 26. Re2 Kf8 27. Kh2 Kg8 28. a5 Kf8 29. Rb3 Rd6 30. Ra3 Rd3 31. Ra1 e3 32. Rae1 g5 33. Kg1 Kg7 34. Bf3 c4 35. Kg2 Kf8 36. Kg3 Rd2 37. Rxd2 exd2 38. Rd1 Rd7 39. Kf2 Ne8 40. Ke2 Ke7 41. Rxd2 Rxd2+ 42. Kxd2 Nd6 43. Ke3 Kd7 44. Kd4 Kc7 45. Kc5 Nf7 46. Kd5 Nd6 47. Ke5 b6 48. axb6+ Kxb6 49. Kxd6 1-0


[Site "https://www.chess.com"]

[Event "Titled Tuesday Blitz May 16 Early 2023"]
[White "Gonzalez, Francisco Silva"]
[Black "Mikhailovsky, Vladimir"]
[WhiteFideId "1512285"]
[BlackFideId "34105414"]
[WhiteElo "2074"]
[BlackElo "2271"]
[Result "0-1"]
[Round "03"]
[TimeControl "180+2"]
[Date "2023.05.16"]
[WhiteClock "0:00:00"]
[BlackClock "0:00:07"]

1. d4 Nf6 2. c4 e6 3. Nc3 d5 4. Bg5 dxc4 5. e3 a6 6. Bxc4 b5 7. Bb3 Bb7 8. Nf3 Be7 9. O-O O-O 10. Qe2 c5 11. a4 c4 12. Bc2 Qb6 13. axb5 axb5 14. Ne5 h6 15. Bh4 Rd8 16. Bxf6 Bxf6 17. Qh5 Bxe5 18. Qxe5 b4 19. Ne4 b3 20. Rxa8 Bxa8 21. Bb1 Nd7 22. Qf4 Bxe4 23. Bxe4 Nf6 24. Rc1 Qa5 25. Qf3 Qd2 26. Rb1 c3 27. bxc3 Qxc3 28. g3 b2 29. Kg2 Rb8 30. h4 Qd2 31. g4 Nxe4 32. Qxe4 Qc1 33. g5 hxg5 34. hxg5 Rb5 35. g6 Rg5+ 36. Kf3 Rxg6 37. Qa8+ Kh7 38. Qe4 Kg8 39. Qa8+ Kh7 40. Qe4 f5 41. Qd3 Rg4 42. d5 Qc8 43. dxe6 Qxe6 44. Rxb2 Qg6 45. Rb5 Re4 46. Ke2 Qg4+ 47. Kd2 Qg6 48. Rd5 Qe6 49. Rd6 Qe5 50. Rd5 Qb2+ 51. Ke1 Kg6 52. Rd6+ Kh7 53. Rd5 Qf6 54. Rd6 Qg5 55. Rd5 Qg4 56. Rd6 Qg1+ 57. Ke2 Qg4+ 58. Ke1 Re5 59. Rd5 Qg1+ 60. Ke2 Qg4+ 61. Ke1 Qb4+ 62. Ke2 Qb2+ 63. Ke1 Qa1+ 64. Ke2 Qa2+ 65. Kf3 Qxd5+ 66. e4 Qxd3+ 0-1


[Site "https://www.chess.com"]

[Event "Titled Tuesday Blitz May 16 Early 2023"]
[White "Salinas Herrera, Pablo"]
[Black "Ginzburg, Yakov"]
[WhiteFideId "3407128"]
[BlackFideId "4157176"]
[WhiteElo "2546"]
[BlackElo "2305"]
[Result "1-0"]
[Round "03"]
[TimeControl "180+2"]
[Date "2023.05.16"]
[WhiteClock "0:00:52"]
[BlackClock "0:00:00"]

1. d4 d5 2. Nf3 Nf6 3. c4 c6 4. Nbd2 b5 5. cxb5 cxb5 6. a4 b4 7. a5 e6 8. e3 Ba6 9. Bxa6 Nxa6 10. Ne5 Bd6 11. Qa4+ Nd7 12. Ndf3 Rc8 13. Bd2 f6 14. Nc6 Qc7 15. Rc1 Nab8 16. Nxb8 Qxb8 17. O-O Ke7 18. h3 a6 19. b3 Qb7 20. Rfd1 Nb8 21. Ne1 Qb5 22. Qxb5 axb5 23. Nd3 Na6 24. f3 e5 25. dxe5 fxe5 26. e4 d4 27. g3 Rc7 28. Rxc7+ Nxc7 29. Nxb4 Bxb4 30. Bxb4+ Kd7 31. Rc1 Na6 32. Bd2 Rc8 33. Rxc8 Kxc8 34. b4 Kd7 35. f4 Ke6 36. Kf2 Nc7 37. Ke2 g6 38. Kd3 h6 39. fxe5 g5 40. Kxd4 Na6 41. g4 Nb8 42. Kc5 Nd7+ 43. Kxb5 Nxe5 44. a6 1-0


[Site "https://www.chess.com"]

[Event "Titled Tuesday Blitz May 16 Early 2023"]
[White "Tokman, Ariel"]
[Black "Bjerre, Jonas Buhl"]
[WhiteFideId "117420"]
[BlackFideId "1444948"]
[WhiteElo "2263"]
[BlackElo "2525"]
[Result "0-1"]
[Round "03"]
[TimeControl "180+2"]
[Date "2023.05.16"]
[WhiteClock "0:00:00"]
[BlackClock "0:00:56"]

1. e4 c5 2. Nf3 d6 3. c3 Nf6 4. Bd3 g6 5. h3 Bg7 6. O-O O-O 7. Re1 Nc6 8. Bf1 e5 9. a4 Re8 10. Na3 Be6 11. d3 h6 12. Nc4 Qc7 13. Ne3 d5 14. c4 dxe4 15. dxe4 Nd4 16. Nd5 Nxd5 17. cxd5 Bd7 18. Nd2 f5 19. Bc4 Kh8 20. Nf3 Qd6 21. b3 b6 22. Bb2 fxe4 23. Rxe4 Bf5 24. Re1 Nc2 25. Nh4 Nxe1 26. Nxf5 gxf5 27. Qxe1 e4 28. Bxg7+ Kxg7 29. a5 Kh7 30. Bb5 Rg8 0-1


[Site "https://www.chess.com"]

[Event "Titled Tuesday Blitz May 16 Early 2023"]
[White "Estrada Nieto, Julian"]
[Black "Sokolovsky, Yahli"]
[WhiteFideId "5101018"]
[BlackFideId "2820242"]
[WhiteElo "2161"]
[BlackElo "2389"]
[Result "0-1"]
[Round "03"]
[TimeControl "180+2"]
[Date "2023.05.16"]
[WhiteClock "0:00:04"]
[BlackClock "0:00:08"]

1. e4 d6 2. d4 Nf6 3. Nc3 g6 4. Nf3 Bg7 5. Be2 O-O 6. O-O a6 7. a4 Nc6 8. Be3 e5 9. d5 Ne7 10. Nd2 Nd7 11. Nc4 f5 12. f4 fxe4 13. Nxe4 Nf5 14. Bd2 exf4 15. Bxf4 Nf6 16. Bg5 h6 17. Bxf6 Bxf6 18. Nxf6+ Qxf6 19. c3 Bd7 20. Qd3 Qg5 21. Nd2 Ne3 22. Rxf8+ Rxf8 23. g3 Nxd5 24. Bf3 Bc6 25. Re1 Kg7 26. Ne4 Qf5 27. Rf1 Nf6 28. Nxf6 Qxd3 29. Bxc6 Rxf6 30. Rxf6 Kxf6 31. Bxb7 Qe3+ 32. Kg2 Qb6 33. Bf3 Qxb2+ 34. Kh3 Qxc3 35. a5 Qxf3 0-1


[Site "https://www.chess.com"]

[Event "Titled Tuesday Blitz May 16 Early 2023"]
[White "Suyarov, Mukhammadzokhid"]
[Black "Maxfan2008"]
[WhiteFideId "14210495"]
[WhiteElo "2361"]
[BlackElo "2526"]
[Result "1-0"]
[Round "03"]
[TimeControl "180+2"]
[Date "2023.05.16"]
[WhiteClock "0:01:42"]
[BlackClock "0:01:19"]

1. d4 Nf6 2. Nc3 d5 3. Bf4 c5 4. e4 Nxe4 5. Nxe4 dxe4 6. dxc5 Qa5+ 7. c3 Qxc5 8. Qa4+ Nc6 9. Qxe4 Bf5 10. Qa4 e6 11. Nf3 Be7 12. Be3 Qd6 13. Rd1 Qc7 14. Nd4 O-O 15. Nxf5 exf5 16. Be2 Bd6 17. g3 Rfe8 18. O-O f4 19. gxf4 a6 20. Bf3 Ne7 21. Qe4 Rab8 22. f5 Nc6 23. Qh4 Be7 24. Qg3 Qa5 25. Bh6 Bf6 26. Bxg7 1-0


[Site "https://www.chess.com"]

[Event "Titled Tuesday Blitz May 16 Early 2023"]
[White "Pakleza, Zbigniew"]
[Black "Shvedova, Alexandra"]
[WhiteFideId "1119290"]
[BlackFideId "54154782"]
[WhiteElo "2410"]
[BlackElo "1973"]
[Result "1/2-1/2"]
[Round "03"]
[TimeControl "180+2"]
[Date "2023.05.16"]
[WhiteClock "0:00:03"]
[BlackClock "0:00:05"]

1. d4 Nf6 2. Nf3 d5 3. Bf4 e6 4. Nbd2 Bd6 5. Bg3 c5 6. c3 Qc7 7. e3 Nbd7 8. c4 O-O 9. Rc1 b6 10. Be2 Bb7 11. dxc5 bxc5 12. O-O Rac8 13. Qa4 Bxg3 14. hxg3 Nb6 15. Qa3 Rfd8 16. cxd5 exd5 17. Nb3 c4 18. Nbd4 a6 19. Rfd1 Ne4 20. Nd2 Nc5 21. b3 Qe5 22. bxc4 dxc4 23. Nxc4 Nxc4 24. Bxc4 Qe4 25. Bf1 Ne6 26. Nf3 Qf5 27. Qb4 Bxf3 28. Rxd8+ Rxd8 29. gxf3 Qxf3 30. Bxa6 Ng5 31. Qh4 h6 32. Bf1 Qa8 33. Qh1 Qxa2 34. Qc6 Qd2 35. Qc2 Qd5 36. Bg2 Qd6 37. Qc5 Qd7 38. f4 Ne6 39. Qc3 Qd6 40. e4 Nd4 41. Re1 Qa6 42. Kh2 Qg6 43. e5 Qh5+ 44. Kg1 Ne2+ 45. Rxe2 Qxe2 46. Qf3 Qe1+ 47. Kh2 Qb4 48. Qe3 Qe7 49. Kg1 Qe6 50. Kh2 h5 51. Bh3 Qa2+ 52. Kg1 Rd1+ 53. Bf1 Qb1 54. Qf3 g6 55. Kg2 Qc2+ 56. Be2 Rd2 57. Kf2 Kg7 58. Qe3 Qa2 59. Qe4 Qb2 60. Qe3 Qa2 61. Qe4 Qb2 62. Qe3 Qa2 1/2-1/2


[Site "https://www.chess.com"]

[Event "Titled Tuesday Blitz May 16 Early 2023"]
[White "cristianserban1"]
[Black "Remizov, Yaroslav"]
[BlackFideId "34134015"]
[WhiteElo "2525"]
[BlackElo "2400"]
[Result "0-1"]
[Round "03"]
[TimeControl "180+2"]
[Date "2023.05.16"]
[WhiteClock "0:00:01"]
[BlackClock "0:00:13"]

1. d4 Nf6 2. Bf4 b6 3. e3 Bb7 4. Nf3 g6 5. Be2 Bg7 6. h3 O-O 7. O-O c5 8. c3 Nc6 9. Nbd2 Rc8 10. a4 h6 11. Nb3 d6 12. a5 Ne4 13. a6 Ba8 14. Nbd2 e5 15. Bh2 Nxd2 16. Qxd2 e4 17. Ne1 d5 18. Rd1 cxd4 19. exd4 f5 20. Nc2 Na5 21. Na3 g5 22. Nb5 Qd7 23. Nd6 Nb3 24. Qc2 Nxd4 25. Rxd4 Bxd4 26. Nxc8 Rxc8 27. Qd2 Bg7 28. h4 Qe7 29. hxg5 hxg5 30. f3 e3 31. Qd3 f4 32. Bd1 d4 33. Bc2 Bd5 34. Qh7+ Kf7 35. Qf5+ Bf6 36. Qxc8 dxc3 37. bxc3 e2 38. Re1 Qe3+ 39. Kh1 Qd2 40. Qd7+ Kf8 41. Qc8+ Ke7 42. Qc7+ Ke8 43. Bg6+ Kf8 44. Qc8+ Kg7 45. Qe8 Qxe1+ 46. Bg1 Qh4+ 47. Bh2 e1=Q+ 0-1


[Site "https://www.chess.com"]

[Event "Titled Tuesday Blitz May 16 Early 2023"]
[White "Hambleton, Aman"]
[Black "KorolDimitriy75"]
[WhiteFideId "2606577"]
[WhiteElo "2511"]
[BlackElo "2523"]
[Result "1-0"]
[Round "03"]
[TimeControl "180+2"]
[Date "2023.05.16"]
[WhiteClock "0:00:03"]
[BlackClock "0:00:00"]

1. d4 Nf6 2. c4 c5 3. d5 b5 4. cxb5 a6 5. bxa6 g6 6. Nc3 Bxa6 7. e4 Bxf1 8. Kxf1 d6 9. g3 Bg7 10. Kg2 O-O 11. Nge2 Nbd7 12. h3 Ra6 13. Qc2 Qa8 14. Rd1 Nb6 15. Rb1 Na4 16. b3 Nxc3 17. Nxc3 Rb8 18. a4 Ne8 19. Nb5 Rb7 20. Bd2 Nc7 21. Na3 Qa7 22. h4 h5 23. Nc4 Na8 24. Qd3 Nb6 25. Na3 Na8 26. Nb5 Qb8 27. Bc3 Bxc3 28. Qxc3 Nc7 29. Na3 Rab6 30. Rd3 Rb4 31. Nc4 Rxa4 32. Na5 1-0


[Site "https://www.chess.com"]

[Event "Titled Tuesday Blitz May 16 Early 2023"]
[White "iHateNAJDORF"]
[Black "Seo, Jung Min"]
[BlackFideId "1734687"]
[WhiteElo "2521"]
[BlackElo "2468"]
[Result "1-0"]
[Round "03"]
[TimeControl "180+2"]
[Date "2023.05.16"]
[WhiteClock "0:02:09"]
[BlackClock "0:02:17"]

1. e4 c5 2. Nf3 e6 3. d4 cxd4 4. Nxd4 a6 5. Bd3 Bc5 6. Nb3 Be7 7. Qg4 Nf6 8. Qxg7 Rg8 9. Qh6 Rxg2 10. e5 Nd5 11. Qxh7 Qc7 12. Qh8+ Bf8 13. Bh6 1-0


[Site "https://www.chess.com"]

[Event "Titled Tuesday Blitz May 16 Early 2023"]
[White "Hayrapetyan, Hovik"]
[Black "Dino_Ballecer"]
[WhiteFideId "13302639"]
[WhiteElo "2348"]
[BlackElo "2517"]
[Result "1-0"]
[Round "03"]
[TimeControl "180+2"]
[Date "2023.05.16"]
[WhiteClock "0:00:48"]
[BlackClock "0:00:03"]

1. d4 Nf6 2. c4 c5 3. d5 e6 4. Nc3 exd5 5. cxd5 d6 6. e4 g6 7. f4 Bg7 8. Bb5+ Nbd7 9. e5 dxe5 10. fxe5 Nh5 11. e6 Qh4+ 12. g3 Nxg3 13. hxg3 Qxh1 14. Be3 Bxc3+ 15. bxc3 Qe4 16. Qf3 Qxf3 17. Nxf3 fxe6 18. dxe6 Ke7 19. exd7 Bxd7 20. Bxc5+ Ke8 21. Bc4 Rc8 22. Bd4 Rf8 23. Ne5 Rf5 24. Bd3 Rh5 25. O-O-O Be6 26. Nxg6 hxg6 27. Bxg6+ Bf7 28. Re1+ Kf8 29. Rf1 Rh1 30. Rxh1 1-0


[Site "https://www.chess.com"]

[Event "Titled Tuesday Blitz May 16 Early 2023"]
[White "Zherebukh, Yaroslav"]
[Black "Goltseva, Ekaterina"]
[WhiteFideId "14116804"]
[BlackFideId "24173770"]
[WhiteElo "2531"]
[BlackElo "2114"]
[Result "1-0"]
[Round "03"]
[TimeControl "180+2"]
[Date "2023.05.16"]
[WhiteClock "0:00:09"]
[BlackClock "0:00:00"]

1. Nf3 Nf6 2. b3 d5 3. Bb2 e6 4. c4 c5 5. cxd5 exd5 6. e3 Be7 7. d4 O-O 8. Nbd2 Nc6 9. dxc5 Bxc5 10. Rc1 Bb4 11. Bd3 Bg4 12. O-O Bxd2 13. Qxd2 Bxf3 14. gxf3 d4 15. Rc5 Kh8 16. Rg5 Ne4 17. Bxe4 Qxg5+ 18. Kh1 Rad8 19. Rg1 Qh6 20. f4 Qe6 21. f3 f5 22. Qg2 Rg8 23. Bxc6 bxc6 24. Bxd4 Rd7 25. Be5 c5 26. h4 Qh6 27. Qh3 Qh5 28. Rg5 Rd1+ 29. Kg2 Qf7 30. h5 h6 31. Qxf5 Qd5 32. Bxg7+ Rxg7 33. Qf8+ Qg8 34. Qxg8+ Rxg8 35. Rg6 Rxg6+ 36. hxg6 Kg7 37. f5 Kf6 38. e4 h5 39. Kg3 Rg1+ 40. Kf4 Re1 41. Kg3 Re2 42. Kh4 Rh2+ 43. Kg3 Rxa2 44. f4 Re2 45. e5+ Kxf5 46. g7 Re1 47. Kf2 1-0


[Site "https://www.chess.com"]